 Dungeon Crawl Stone Soup version 0.17-a0-1711-gc5340a3 (webtiles) character file.

610 sugabear the Shield-Bearer (level 7, -5/44 HPs)
             Began as a Gargoyle Fighter on Aug 22, 2015.
             Slain by a wyvern (7 damage)
             ... on level 4 of the Dungeon.
             The game lasted 00:04:49 (2923 turns).

sugabear the Shield-Bearer (Gargoyle Fighter)       Turns: 2923, Time: 00:04:49

Health: -5/44      AC: 14    Str: 21    XL:     7   Next: 43%
Magic:  7/7        EV:  6    Int:  9    God:
Gold:   203        SH: 10    Dex:  9    Spells: 0 memorised, 6 levels left

rFire  . . .     SeeInvis .     w - +1 whip "Zuteizoy" {slash, MR+} (curse)
rCold  . . .     Clarity  .     y - +0 chain mail
rNeg   + . .     SustAt   .     c - +0 shield
rPois  ∞         Gourm    .     (no helmet)
rElec  +         Spirit   .     (no cloak)
rCorr  .         Warding  .     (no gloves)
rMut   .         Stasis   .     (no boots)
MR     +....                    (no amulet)
Stlth  ..........               (no ring)
                                (no ring)

@: somewhat resistant to hostile enchantments, extremely unstealthy
A: negative energy resistance 1, electricity resistance, unbreathing,
petrification resistance, rot immunity, AC +4
a: no special abilities


You were on level 4 of the Dungeon.
You were very hungry.

You visited 1 branch of the dungeon, and saw 4 of its levels.

You collected 203 gold pieces.

Inventory:

Hand weapons
 a - a +0 war axe
 w - the cursed +1 whip "Zuteizoy" (weapon) {slash, MR+}
   (You found it on level 4 of the Dungeon)

   It inflicts extra damage upon your enemies.
   It affects your resistance to hostile enchantments.
   It has a curse placed upon it.
Armour
 b - a +0 scale mail
 c - a +0 shield (worn)
 y - a +0 chain mail (worn)
Magical devices
 r - a wand of flame (20)
 x - a wand of digging (11)
Scrolls
 i - 2 scrolls of enchant armour {unknown}
 j - 2 scrolls of immolation {unknown}
 k - 3 scrolls of fear {unknown}
 l - 2 scrolls of amnesia {unknown}
 m - 2 scrolls of fog {unknown}
 o - 3 scrolls of identify {unknown}
 p - a scroll of remove curse {unknown}
 q - a scroll of blinking {unknown}
 t - a scroll of random uselessness {unknown}
 u - a scroll of teleportation {unknown}
Potions
 f - 2 potions of haste {unknown}
 g - a potion of lignification {unknown}
 h - a potion of curing {unknown}
 s - a potion of brilliance {unknown}
 v - a potion of poison {unknown}
Comestibles
 d - a royal jelly
 e - 3 bread rations
 n - a slice of pizza


   Skills:
 + Level 5.0 Fighting
 + Level 3.9(4.0) Axes
 + Level 0.8(2.8) Maces & Flails
 + Level 4.9 Armour
 + Level 5.9 Shields


You had 6 spell levels left.
You didn't know any spells.

Dungeon Overview and Level Annotations

Branches:
Dungeon (4/15)
 Temple: D:4-7

Altars:
Makhleb
Nemelex Xobeh


Innate Abilities, Weirdness & Mutations

You are resistant to torment.
Your stone body is resilient (AC +4).
You are immune to poison.
You resist negative energy.
You are resistant to electric shocks.
You can survive without breathing.
You are immune to petrification.
You are immune to rotting.


Message History

You block the wyvern's attack.
Evoke which item? (* to show all) (? for menu, Esc to quit)
Zapping:
r - a wand of flame {zapped: 4} (will waste charges)
Press: ? - help, Shift-Dir - straight line, f/p - wyvern
Aim: a wyvern (almost dead)
The puff of flame hits the wyvern.
The wyvern is almost dead.
Evoking this partially-identified wand wasted a few charges.
The wyvern bites you!
* * * LOW HITPOINT WARNING * * *
An adder comes into view.
Evoke which item? (* to show all) (? for menu, Esc to quit)
Zapping:
r - a wand of flame {zapped: 6} (will waste charges)
Press: ? - help, Shift-Dir - straight line, f/p - wyvern
Aim: a wyvern (almost dead)
The puff of flame hits the wyvern.
The wyvern is almost dead.
Evoking this partially-identified wand wasted a few charges.
You block the wyvern's attack. The wyvern bites you!
You die...

............#
............###############
...#........##............#
...#.#########.#########.##
...#.# #.#.. #.# ...#.#
#.#S# #.# #.##.# #.#.# #.#
#..#.# #.#l# #.# ##.#.#
#.#@# #.# #.#.#
#.#.#######.# #...#
#.#.........# ##..#
#.########### ##.>#
######.###########
#...####................#
#........####.#########.#
#........#....#.......#.#
#........#.####.#####.#.#


You could see a wyvern and an adder.

Vanquished Creatures
  A hippogriff (D:4)
  A jelly (D:4)
  2 hounds
  An iguana (D:4)
  Ijyb (D:3)
  An orc wizard (D:3)
  Jessica (D:2)
  Terence (D:3)
  Natasha (thrice) (D:3)
  A worker ant (D:4)
  Robin (D:3)
  6 adders
  An ooze (D:2)
  4 worms
  12 orcs
  7 giant cockroaches
  17 goblins
  8 hobgoblins
  3 jackals (D:1)
  2 quokkas (D:2)
  4 ball pythons
  7 bats
  3 giant geckos
  8 giant newts
  6 kobolds
  6 rats
108 creatures vanquished.

Notes
Turn   | Place    | Note
--------------------------------------------------------------
     0 | D:1      | sugabear the Gargoyle Fighter began the quest for the Orb.
     0 | D:1      | Reached XP level 1. HP: 14/14 MP: 1/1
    42 | D:1      | Reached XP level 2. HP: 16/19 MP: 2/2
   429 | D:2      | Noticed Jessica
   437 | D:2      | Killed Jessica
   437 | D:2      | Reached skill level 4 in Shields
   437 | D:2      | Reached XP level 3. HP: 22/24 MP: 3/3
   573 | D:2      | Reached XP level 4. HP: 25/29 MP: 4/4
   990 | D:3      | Found a burning altar of Makhleb.
  1002 | D:3      | Reached XP level 5. HP: 23/33 MP: 5/5
  1071 | D:3      | Noticed Ijyb
  1087 | D:3      | Killed Ijyb
  1101 | D:3      | Noticed Terence
  1105 | D:3      | Noticed Robin
  1116 | D:3      | Killed Terence
  1116 | D:3      | Reached skill level 5 in Shields
  1118 | D:3      | Reached XP level 6. HP: 10/39 MP: 6/6
  1121 | D:3      | Killed Robin
  1435 | D:3      | Noticed Natasha
  1441 | D:3      | Killed Natasha
  1482 | D:3      | Noticed Natasha
  1485 | D:3      | Killed Natasha
  1640 | D:3      | Found a sparkling altar of Nemelex Xobeh.
  2065 | D:3      | Noticed Natasha
  2068 | D:3      | Killed Natasha
  2228 | D:4      | Got a pitted whip
  2229 | D:4      | Identified the cursed +1 whip "Zuteizoy" {slash, MR+} (You found it on level 4 of the Dungeon)
  2262 | D:4      | Noticed a hippogriff
  2277 | D:4      | Killed a hippogriff
  2277 | D:4      | Reached XP level 7. HP: 26/44 MP: 7/7
  2604 | D:4      | Reached skill level 5 in Fighting
  2909 | D:4      | Noticed a wyvern
  2922 | D:4      | HP: 2/44 [wyvern (9)]
  2923 | D:4      | Slain by a wyvern

Vault maps used:
D:1:      mrwooster_arrival_arrow
D:2:      first_bread, grunt_ministairs_12, minmay_misc_feat_more_columns,
          uniq_jessica
D:3:      nemelex_xobeh_ov_fountains_minmay, makhleb_heckhound_becter,
          uniq_robin, uniq_iyjb, uniq_terence, uniq_natasha
D:4:      uniq_grinder

Action                   |  1- 3 |  4- 6 |  7- 9 || total
-------------------------+-------+-------+-------++-------
Melee: War axe           |    77 |   194 |       ||   271
       Whip              |       |    22 |    78 ||   100
Evoke: Wand              |       |       |     4 ||     4
  Use: Potion            |       |     1 |       ||     1
  Eat: Chunk             |       |     4 |     2 ||     6
